 Dungeon Crawl Stone Soup version 0.27-a0-1181-g5f64966fcc (webtiles) character file.

Game seed: 17320884539914238567

35 tilp the Caller (level 3, 0/29 HPs)
             Began as a Barachi Summoner on May 17, 2021.
             Succumbed to an adder's poison
             ... on level 2 of the Dungeon.
             The game lasted 00:02:18 (2048 turns).

tilp the Caller (Barachi Summoner)                  Turns: 2048, Time: 00:02:18

Health: 0/29       AC:  3    Str: 10    XL:     3   Next: 35%
Magic:  2/6        EV: 12    Int: 15    God:
Gold:   35         SH:  0    Dex: 12    Spells: 3/6 levels left

rFire    . . .     SeeInvis .   a - +0 dagger
rCold    . . .     Faith    .   (no shield)
rNeg     . . .     Spirit   .   c - +0 robe
rPois    .         Reflect  .   f - +0 helmet
rElec    .         Harm     .   (no cloak)
rCorr    .         Rampage  .   (no gloves)
Will     .....                  (no boots)
Stlth    ++........             (no amulet)
HPRegen  0.09/turn              (no ring)
MPRegen  0.10/turn              (no ring)

@: lethally poisoned (0 -> -9), slow
A: amphibious, slowness 1, strong legs 1, +LOS
a: Hop


You were on level 2 of the Dungeon.
You visited 1 branch of the dungeon, and saw 2 of its levels.

You collected 35 gold pieces.

Inventory:

Hand Weapons
 a - a +0 dagger (weapon)
Missiles
 e - 8 curare-tipped darts {!f}
Armour
 c - a +0 robe (worn)
 f - a +0 helmet (worn)
Jewellery
 b - a ring of fire


   Skills:
 + Level 3.5 Fighting
 - Level 2.1 Dodging
 - Level 1.7 Stealth
 - Level 2.1 Spellcasting
 - Level 4.8 Summonings


You had 3 spell levels left.
You knew the following spells:

 Your Spells              Type           Power      Damage    Failure   Level
a - Summon Small Mammal   Summ           64%        N/A       3%          1
b - Call Imp              Summ           16%        N/A       4%          2

Your spell library contained the following spells:

 Spells                   Type           Power      Damage    Failure   Level
 Call Canine Familiar     Summ           16%        N/A       9%          3
 Summon Guardian Golem    Hex/Summ       8%         N/A       24%         3
 Summon Ice Beast         Ice/Summ       8%         N/A       63%         4
 Summon Lightning Spire   Summ/Air       8%         N/A       63%         4


Dungeon Overview and Level Annotations

Branches:
Dungeon (2/15)

Altars:


Innate Abilities, Weirdness & Mutations

You are amphibious.
You cover ground slowly.
You can hop short distances.
You have an extended range of vision and can be seen from far away.


Message History

The kobold hits you with a +0 whip.
You miss the adder.
The adder is severely wounded.
The adder bites you but does no damage.
Your crimson imp blinks!
The kobold closely misses you.
You barely miss the adder.
The adder is severely wounded.
The adder bites you but does no damage.
Your crimson imp blinks!
The kobold closely misses you. The adder closely misses you.
You barely miss the adder.
The adder is severely wounded.
The adder bites you.
Your crimson imp blinks!
The kobold hits you with a +0 whip.
* * * LOW HITPOINT WARNING * * *
Casting: Call Imp (safe; 4% risk of failure)
Confirm with . or Enter, or press ? or * to list all spells.
A beastly little devil appears in a puff of frigid air.
The adder bites you.
* * * LOW HITPOINT WARNING * * *
You are poisoned.
The adder poisons you!
Your crimson imp blinks!
The kobold barely misses you.
You aren't carrying any potions.
Unknown command.
You hit the adder but do no damage.
The adder is heavily wounded.
* * * LOW HITPOINT WARNING * * *
You feel sick. The adder bites you.
* * * LOW HITPOINT WARNING * * *
You are more poisoned.
The adder poisons you! The kobold hits you with a +0 whip.
* * * LOW HITPOINT WARNING * * *
Your white imp gestures at the adder.
The puff of frost hits the adder!
The adder dies!
You die...

... ####### ..##.......
######...#.5.....
.#.....#§.........
.................#
............5.....
..................#
....................
.........†K@.....#
..................#
...........)......#.
.............5.......
...#$.)........###.#........
.$.......(=....###..........
##........................
#>......##<.##............
#.....####..#.... #.......


You could see a kobold (ally target), 2 friendly crimson imps and a friendly
white imp (summoned).

Vanquished Creatures
  5 ball pythons
  2 endoplasms (D:1)
  A giant cockroach (D:2)
  A goblin (D:2)
  A hobgoblin (D:1)
  A jackal (D:2)
  3 frilled lizards
  4 rats
18 creatures vanquished.

Vanquished Creatures (collateral kills)
  An adder (D:2)
  An endoplasm (D:1)
  2 goblins (D:1)
  A hobgoblin (D:1)
  A jackal (D:2)
  A quokka (D:1)
  2 ball pythons (D:1)
  A bat (D:1)
  A rat (D:1)
11 creatures vanquished.

Grand Total: 29 creatures vanquished

Notes
Turn   | Place    | Note
-------+----------+-------------------------------------------
     0 | D:1      | tilp the Barachi Summoner began the quest for the Orb.
     0 | D:1      | Reached XP level 1. HP: 13/13 MP: 3/3
   277 | D:1      | Reached skill level 1 in Fighting
   705 | D:1      | Reached XP level 2. HP: 22/22 MP: 5/5
   708 | D:1      | Learned a level 2 spell: Call Imp
  1931 | D:1      | Reached XP level 3. HP: 28/29 MP: 6/6
  2048 | D:2      | Succumbed to an adder's poison

Illustrated notes

Levels and vault maps discovered:
D:1:      dpeg_arrival_tiny_f, layout_basic, serial_aquarium,
          aquarium_bridge_straight [aquarium_subvault_bridge,
          aquarium_subvault_balcony, aquarium_subvault_bridge,
          aquarium_subvault_window], aquarium_window_fake,
          aquarium_window_double, aquarium_view_2d, aquarium_view_2b,
          aquarium_pool_four
D:2:      layout_rooms

Skill      XL: |  1  2 |
---------------+-------+-----
Fighting       | 1 3 |  3.5
Dodging        | |  2.1
Stealth        | |  1.7
Spellcasting   | |  2.1
Summonings     | |  4.8

Action                   || total
-------------------------++-------
Melee: Dagger            ||   105
       Unarmed           ||     1
 Cast: Summon Small Mamm ||    16
       Call Imp          ||     4
  Use: Scroll            ||     2
 Stab: Sleeping          ||     4
Armor: Robe              ||    25
Dodge: Dodged            ||    81

Table legend: (Time is in decaauts)
 A = Elapsed time spent in this place.
 B = Non-inter-level travel time spent in this place.
 C = Inter-level travel time spent in this place.
 D = Time resting spent in this place.
 E = Time spent auto-exploring this place.
 F = Levels seen in this place.
 G = Mean time per level.
                   A        B        C        D        E       F      G
               +--------+--------+--------+--------+--------+-----+--------+
         Total |   2204 |   2152 |     52 |    493 |   1353 |   2 | 1102.0 |
       Dungeon |   2204 |   2152 |     52 |    493 |   1353 |   2 | 1102.0 |
               +--------+--------+--------+--------+--------+-----+--------+

Top non-repeatable levels by time:
     D:1: 1986 daAuts
     D:2: 218 daAuts
